[Event "Late-Titled-Tuesday-Blitz-October-17-2023"]
[Site "Chess.com"]
[Date "2023.10.17"]
[Round "1"]
[White "js20000"]
[Black "Fdpo95"]
[Result "0-1"]
[WhiteElo "2861"]
[BlackElo "2491"]
[TimeControl "180+1"]
[EndTime "14:06:59 PDT"]
[Termination "Fdpo95 won by resignation"]

1. Nf3 c5 2. e3 Nf6 3. d4 g6 4.
dxc5 Qa5+ 5. Nbd2 Qxc5 6. a3 Bg7 7. b4 Qc7 8. Bb2 O-O 9. c4 d6 10. Be2 h6 11. O-O g5 12. Rc1 Bf5 13. Nd4 Bg6 14. c5 dxc5 15. Rxc5 Qd8 16. Nf5 Nbd7 17. Nxg7 Nxc5 18.
bxc5 Kxg7 19. Qc1 Bd3 20. Bxd3 Qxd3 21. Nf3 Rfd8 22. Nd4 Rac8 23. Rd1 Qg6 24. c6 bxc6 25. Qc5 Rd5 26. Qxe7 Re8 27. Qxa7 c5 28. Rc1 cxd4 29.
Bxd4 Kg8 30. a4 Qf5 31. f3 Qe6 32. e4 Rd7 33. Qc5 Red8 34. Rc4 Nh5 35. a5 Nf4 36. Kf1 Qa6 37. Kg1 Rxd4 38. Rxd4 Rxd4 39. Qc8+ Kg7 0-1

[Event "Late-Titled-Tuesday-Blitz-October-17-2023"]
[Site "Chess.com"]
[Date "2023.10.17"]
[Round "1"]
[White "Thormento16"]
[Black "SaqoChess_Twitch"]
[Result "1-0"]
[WhiteElo "2324"]
[BlackElo "2593"]
[TimeControl "180+1"]
[EndTime "14:07:00 PDT"]
[Termination "Thormento16 won by checkmate"]

1. e4 c5 2. Nf3 d6 3. Bb5+ Bd7 4. Bxd7+ Qxd7 5. c4 Nc6 6. d4 cxd4 7. Nxd4 Nf6 8. Nc3 g6 9. b3 Bg7 10. Bb2 O-O 11. O-O Rac8 12. Re1 Rfd8 13. Nd5 e6 14. Nxc6 Nxd5 15. Nxd8 Bxb2 16. exd5 Bxa1 17. dxe6 fxe6 18. Nxe6 Bc3 19.
Re3 Bh8 20. Nf4 Qf7 21. Nd5 Be5 22. Qe2 Rf8 23. Rf3 Qg7 24. h3 Re8 25. Re3 Kh8 26.
Kh1 Rf8 27. g3 Qf7 28. f4 Bd4 29. Re7 Qf5 30. Kg2 b5 31. Qe4 Qxe4+ 32. Rxe4 Bc5 33.
cxb5 Rb8 34. a4 a6 35. Re7 axb5 36. Nf6 Bd4 37. Rxh7# 1-0

[Event "Late-Titled-Tuesday-Blitz-October-17-2023"]
[Site "Chess.com"]
[Date "2023.10.17"]
[Round "1"]
[White "DawidCzerw"]
[Black "Sacbutt"]
[Result "1-0"]
[WhiteElo "2556"]
[BlackElo "2219"]
[TimeControl "180+1"]
[EndTime "14:07:01 PDT"]
[Termination "DawidCzerw won by resignation"]

1. e4 c5 2. Nf3 d6 3. d4 cxd4 4. Nxd4 Nf6 5. Nc3 a6 6. h4 e5 7.
Nb3 Be6 8. f4 exf4 9. Bxf4 Be7 10. Qd2 Nc6 11. O-O-O Ne5 12. Nd4 O-O 13. Nxe6 fxe6 14.
g3 b5 15. Bh3 Qc8 16. Nd5 Bd8 17.
Nxf6+ Bxf6 18. Qxd6 Nc4 19. Bxe6+ Kh8 20. Bxc8 Nxd6 21.
Bxd6 Rfxc8 22. e5 Bd8 23. e6 Bf6 24. Rhe1 Kg8 25. Be5 Be7 26. Rd7 Re8 27. Bd4 Rac8 28. c3 Rc6 29. Kc2 b4 30. Rb7 bxc3 31. bxc3 Bf6 32.
Bxf6 gxf6 33. e7 Kf7 34. Re3 Rc5 35. Rb6 Ra5 36. Kb3 f5 37. a4 Rd5 38. Ree6 Rd7 39. Rxa6 Rexe7 40. Rxe7+ Kxe7 41. a5 Kd8 42. Ra8+ Kc7 43. Ra7+ 1-0

[Event "Late-Titled-Tuesday-Blitz-October-17-2023"]
[Site "Chess.com"]
[Date "2023.10.17"]
[Round "1"]
[White "slorovel"]
[Black "K_A_S_T_O_R"]
[Result "0-1"]
[WhiteElo "2470"]
[BlackElo "2874"]
[TimeControl "180+1"]
[EndTime "14:07:02 PDT"]
[Termination "K_A_S_T_O_R won by checkmate"]

1. e4 c5 2. Nf3 d6 3. Bb5+ Nc6 4.
Bxc6+ bxc6 5. Nc3 e5 6. O-O Nf6 7. d3 Be7 8. h3 h6 9. Nd2 O-O 10. Nc4 Be6 11. b3 Nd7 12. Be3 Nb6 13. a3 f6 14. Qe2 d5 15. Nxb6 axb6 16. Na4 d4 17.
Bd2 b5 18. Nb2 g5 19. Qh5 Kg7 20. g3 Qd7 21. Kh2 Bf7 22. Qg4 Qxg4 23. hxg4 Ra7 24.
a4 Rfa8 25. Ra2 Be6 26. f3 Kg6 27. Kg2 h5 28. gxh5+ Kxh5 29. Rh1+ Kg6 30. f4 gxf4 31. gxf4 exf4 32. Bxf4 Rg8 33. Kf2 Kf7 34. Raa1 Raa8 35. Rh7+ Rg7 36. Rxg7+ Kxg7 37. Rg1+ Kf7 38. Bh6 Rh8 39.
Rg7+ Ke8 40. Bf4 Kf8 41. Rg1 Kf7 42. axb5 cxb5 43. Ra1 Rc8 44. Ra7 Ke8 45. Rb7 c4 46. bxc4 bxc4 47. Ke2 c3 48. Na4 Ra8 49. Nb6 Ra2 50.
Kd1 Bg4+ 51. Kc1 Ra1# 0-1

[Event "Late-Titled-Tuesday-Blitz-October-17-2023"]
[Site "Chess.com"]
[Date "2023.10.17"]
[Round "1"]
[White "SereneSalmon"]
[Black "Hasangatin_Ramil"]
[Result "1-0"]
[WhiteElo "2422"]
[BlackElo "2707"]
[TimeControl "180+1"]
[EndTime "14:07:03 PDT"]
[Termination "SereneSalmon won on time"]

1. d4 d6 2. Nf3 Bg4 3. c4 Bxf3 4. gxf3 c6 5. Nc3 g6 6. e4 Bg7 7. Be3 Nf6 8. Qd2 O-O 9. h4 d5 10. e5 Nh5 11. cxd5 cxd5 12. Be2 Bh8 13. f4 Ng7 14. h5 Nc6 15. hxg6 fxg6 16. Bd3 e6 17. O-O-O Ne7 18.
Kb1 Rf7 19. Nb5 Ngf5 20. Rc1 Nc6 21. Bxf5 Rxf5 22. Nd6 Rf8 23. Nxb7 Qb6 24. Nc5 Rfe8 25. Rcg1 Qb4 26. Qd3 Qc4 27. Rxg6+ hxg6 28. Qxg6+ Bg7 29. Nxe6 Rxe6 30. Qxe6+ Kf8 31. f5 Qxd4 32. Bxd4 Nxd4 33. Qd6+ Ke8 34. f6 Bf8 35. Rh8 Kf7 36. Qxd5+ Kg6 37.
Qxa8 1-0

[Event "Late-Titled-Tuesday-Blitz-October-17-2023"]
[Site "Chess.com"]
[Date "2023.10.17"]
[Round "1"]
[White "JSlaby"]
[Black "Chempiblinka"]
[Result "1-0"]
[WhiteElo "2586"]
[BlackElo "2272"]
[TimeControl "180+1"]
[EndTime "14:07:03 PDT"]
[Termination "JSlaby won on time"]

1. e4 c5 2. Nf3 Nc6 3. Bb5 e6 4. Bxc6 bxc6 5. O-O Ne7 6. Re1 Ng6 7. c3 e5 8. d4 cxd4 9. cxd4 exd4 10. Nxd4 Bb4 11. Bd2 Bc5 12. Bc3 O-O 13. Nd2 Nf4 14. Qg4 Ng6 15. Nf5 d5 16. Rad1 Qb6 17. Qg3 d4 18.
Nxd4 Bxd4 19. Nc4 Bxf2+ 20. Qxf2 Qxf2+ 21. Kxf2 Bg4 22. Rd6 Rfc8 23. Na5 Ne7 24. Kg3 Be6 25. Red1 h6 26. b3 c5 27. Rc1 Rab8 28. Bd2 Ng6 29. Nc6 Ra8 30. Rxc5 Re8 31. h4 Ne7 32. Nd4 Kh7 33.
Nxe6 fxe6 34. Rxe6 Ng6 35. Rcc6 Ne5 36. Rxe8 Rxe8 37.
Rc7 a5 38. Bc3 a4 39. h5 1-0

[Event "Late-Titled-Tuesday-Blitz-October-17-2023"]
[Site "Chess.com"]
[Date "2023.10.17"]
[Round "1"]
[White "Yushko_Olga"]
[Black "bipe137"]
[Result "0-1"]
[WhiteElo "2154"]
[BlackElo "2538"]
[TimeControl "180+1"]
[EndTime "14:07:07 PDT"]
[Termination "bipe137 won on time"]

1. d4 d5 2. c4 e6 3. cxd5 exd5 4. Nc3 c6 5. Nf3 Bd6 6. Bg5 Ne7 7. e3 Bf5 8. Bd3 Bxd3 9. Qxd3 O-O 10. O-O Nd7 11. Rac1 Qb6 12. b3 Ng6 13. e4 h6 14. Be3 dxe4 15.
Nxe4 Bf4 16. Nc5 Nxc5 17. dxc5 Qa5 18. Bxf4 Nxf4 19. Qe4 Nd5 20. Rc2 Rfe8 21. Qg4 Rad8 22. h3 Nf6 23. Qf4 Re4 24. Qc1 Rd3 25. Re1 Rxe1+ 26.
Nxe1 Rd5 27. Nf3 Ne4 28. Qe3 f5 29. Nh4 Rd1+ 30. Kh2 Qc7+ 31. g3 Qe5 32. Re2 Qa1 33.
Qf3 Ng5 34. Qg2 Qf6 35. Nf3 Ne4 36. Nh4 Rd4 37. Qf3 g6 38. a3 Rd5 39. b4 Kg7 40.
Rxe4 fxe4 41. Qxe4 Qxf2+ 42. Kh1 Rd1+ 0-1

[Event "Late-Titled-Tuesday-Blitz-October-17-2023"]
[Site "Chess.com"]
[Date "2023.10.17"]
[Round "1"]
[White "dadice10"]
[Black "HajiyevKanan"]
[Result "1-0"]
[WhiteElo "2217"]
[BlackElo "2532"]
[TimeControl "180+1"]
[EndTime "14:07:08 PDT"]
[Termination "dadice10 won by resignation"]

1. e4 c6 2. d4 d5 3. exd5 cxd5 4. c4 Nf6 5. Nc3 e6 6. Nf3 Bb4 7. cxd5 Nxd5 8. Bd2 O-O 9. Bd3 Nc6 10. O-O Nf6 11. a3 Be7 12. Be3 b6 13. Ne4 Bb7 14. Nxf6+ Bxf6 15. Be4 Na5 16. Bxb7 Nxb7 17. Rc1 Qd5 18.
Qa4 Nd6 19. Qc6 Rac8 20. Qxd5 exd5 21. Ne5 Rfd8 22. Nc6 Rd7 23. Bf4 Rdc7 24. Nxa7 Rxc1 25. Rxc1 Rxc1+ 26. Bxc1 Bxd4 27. Nc6 Bc5 28. b4 Kf8 29. bxc5 bxc5 30. Bf4 Nc4 31. a4 Ke8 32. a5 f6 33.
a6 Kd7 34. a7 Nb6 35. Na5 g5 36. Bb8 c4 37. Kf1 c3 38. Ke2 d4 39. Kd3 h5 40.
Nc4 Na8 41. Na3 Kc6 42. Kxd4 f5 43. Kxc3 g4 44. Kd4 h4 45. Ke5 h3 46. g3 1-0

[Event "Late-Titled-Tuesday-Blitz-October-17-2023"]
[Site "Chess.com"]
[Date "2023.10.17"]
[Round "1"]
[White "kingofthenil"]
[Black "santosalberto1987"]
[Result "1/2-1/2"]
[WhiteElo "2719"]
[BlackElo "2417"]
[TimeControl "180+1"]
[EndTime "14:07:09 PDT"]
[Termination "Game drawn by repetition"]

1. Nf3 d5 2. g3 Nf6 3. Bg2 c6 4. O-O Bf5 5. b3 e6 6. Bb2 Be7 7. d3 h6 8. Nbd2 O-O 9. Qe1 a5 10. e4 Bh7 11. a3 Na6 12. Qe2 Nc5 13. Ne5 Nfd7 14. Nxd7 Nxd7 15. f4 dxe4 16. Nxe4 Nf6 17.
a4 Nxe4 18. dxe4 Bf6 19. Bxf6 Qxf6 20. e5 Qe7 21. Rad1 Rfd8 22. c4 Rxd1 23. Rxd1 Rd8 24.
h4 Rd7 25. Kh2 Qd8 26. Rxd7 Qxd7 27. Qe3 Bf5 28. Bf3 Qd3 29. Qxd3 Bxd3 30. Bd1 c5 31. Kg2 b6 32. g4 g5 33. fxg5 hxg5 34.
h5 Kg7 35. Kf2 Kh6 36. Ke3 Bb1 37. Kd2 Be4 38. Ke3 Bb1 39. Kd2 Be4 40. Kc1 Kg7 41. Kd2 Kh6 1/2-1/2

[Event "Late-Titled-Tuesday-Blitz-October-17-2023"]
[Site "Chess.com"]
[Date "2023.10.17"]
[Round "1"]
[White "jamengrand"]
[Black "NateSolon"]
[Result "0-1"]
[WhiteElo "2328"]
[BlackElo "2631"]
[TimeControl "180+1"]
[EndTime "14:07:09 PDT"]
[Termination "NateSolon won by checkmate"]

1. e4 c5 2. Be2 Nc6 3. f4 d5 4. d3 e6 5. Nf3 Bd6 6. O-O Nge7 7. c3 O-O 8. e5 Bc7 9. d4 Bb6 10. Be3 cxd4 11. cxd4 f6 12. Qd2 fxe5 13. fxe5 Nf5 14. Bf2 Bd7 15. Nc3 Be8 16. h3 Bg6 17. Rad1 Rc8 18. Kh2 Na5 19. b3 Nc6 20. Na4 Ba5 21. Qb2 Qe7 22. g4 Nh6 23. Bh4 Qc7 24. Rc1 Bb4 25.
a3 Be7 26. Bxe7 Qxe7 27. Qd2 Nf7 28. b4 Be4 29. Nc5 b6 30. Nxe4 dxe4 31. Ng1 Rfd8 32. Ba6 Rc7 33. Qe3 Nxd4 34. Qxe4 Rcd7 35. Nf3 Nxf3+ 36.
Rxf3 Ng5 37. Qe3 Nxf3+ 38. Qxf3 Rd2+ 39. Kh1 Qg5 40. Rf1 h6 41. Qf7+ Kh8 42. Qxe6 Qh4 43. Rf3 Qe1+ 44. Bf1 Rf2 45. Qf5 Qxf1# 0-1

[Event "Late-Titled-Tuesday-Blitz-October-17-2023"]
[Site "Chess.com"]
[Date "2023.10.17"]
[Round "1"]
[White "AsaHoffmann"]
[Black "FrankDux44"]
[Result "0-1"]
[WhiteElo "2342"]
[BlackElo "2655"]
[TimeControl "180+1"]
[EndTime "14:07:10 PDT"]
[Termination "FrankDux44 won on time"]

1. d4 d6 2. e4 Nf6 3. f3 e5 4. Ne2 Nc6 5. Be3 Be7 6. d5 Nb8 7. c4 Nbd7 8. Nbc3 O-O 9. g4 a5 10. Qd2 Nc5 11. h4 c6 12. h5 cxd5 13. cxd5 b5 14.
Nxb5 Ba6 15. Nec3 Nfd7 16. Be2 a4 17. Kf2 Rb8 18. Rab1 Qa5 19. b4 axb3 20. axb3 Qb4 21. Nc7 Bxe2 22. Nxe2 Qxd2 23. Bxd2 Nxb3 24. Be3 Ndc5 25.
Bxc5 Nxc5 26. Nb5 h6 27. Ng3 g6 28. hxg6 fxg6 29. Rxh6 Kg7 30. Rhh1 Rb6 31. Nc3 Rfb8 32.
Rxb6 Rxb6 33. Rb1 Ra6 34. Nge2 Ra3 35. Rb8 Bh4+ 36. Kg2 Be1 37. Nb5 Ra2 38. Nxd6 Rxe2+ 39. Kf1 Re3 0-1

[Event "Late-Titled-Tuesday-Blitz-October-17-2023"]
[Site "Chess.com"]
[Date "2023.10.17"]
[Round "1"]
[White "Rodalquilar"]
[Black "Misticpikachu"]
[Result "1-0"]
[WhiteElo "2781"]
[BlackElo "2417"]
[TimeControl "180+1"]
[EndTime "14:07:12 PDT"]
[Termination "Rodalquilar won by resignation"]

1. d4 d5 2. Nf3 e6 3. Bf4 Nf6 4. e3 Bd6 5. Nbd2 O-O 6. c3 b6 7.
h4 Bb7 8. h5 Ne4 9. h6 g6 10. Bd3 Nd7 11. Qc2 Ndf6 12. Ne5 c5 13. f3 Nxd2 14. Qxd2 Qc7 15. Qf2 Nd7 16. Qg3 Nxe5 17.
Bxe5 Bxe5 18. dxe5 d4 19. cxd4 cxd4 20. exd4 Qe7 21. a3 Rfd8 22. Qh4 Kf8 23. Rc1 Rd7 24.
Qxe7+ Kxe7 25. Rh4 Rad8 26. Bb5 Bd5 27. Bxd7 Rxd7 28.
Kf2 f5 29. exf6+ Kxf6 30. Ke3 g5 31. Rhh1 Kg6 32. Rc8 a5 33. Rg8+ Kf6 34. Rc1 e5 35. dxe5+ Kxe5 36. Rg7 Rd6 37. Rxh7 b5 38. Re7+ Kf6 39.
h7 Rd8 40. Rcc7 Bc4 41. a4 Rd3+ 42. Kf2 Rd2+ 43. Kg3 Bf1 44. h8=Q+ 1-0

[Event "Late-Titled-Tuesday-Blitz-October-17-2023"]
[Site "Chess.com"]
[Date "2023.10.17"]
[Round "1"]
[White "JG-17"]
[Black "jcibarra"]
[Result "0-1"]
[WhiteElo "2482"]
[BlackElo "2901"]
[TimeControl "180+1"]
[EndTime "14:07:13 PDT"]
[Termination "jcibarra won by resignation"]

1. e4 c5 2. Nc3 a6 3. a4 Nc6 4.
g3 e6 5. Bg2 Nf6 6. d3 d5 7.
Nf3 dxe4 8. Nxe4 Be7 9. O-O O-O 10. Bg5 b6 11. Re1 Nd5 12. Bxe7 Ndxe7 13. Qe2 Bb7 14. h4 Nf5 15. c3 Qc7 16. Rad1 Rad8 17. h5 h6 18. Nh2 Nfe7 19. g4 Nd5 20. Qf1 Nf4 21. Bh1 Ne5 22. d4 cxd4 23. cxd4 Nc6 24. Nf3 f5 25.
gxf5 exf5 26. Ng3 Nb4 27. Rc1 Qd6 28. Red1 Kh7 29. Ne5 Bxh1 30. Kxh1 Qf6 31. Qg1 Rd5 32. Qh2 Rfd8 33. Rc4 Qxe5 34. Rxb4 Rxd4 35. Rbxd4 Rxd4 36. Rxd4 Qxd4 37. Qg1 Nh3 38. Qb1 Nxf2+ 39. Kg2 Ne4 40. Nxf5 Qf2+ 41. Kh1 Qxf5 0-1

[Event "Late-Titled-Tuesday-Blitz-October-17-2023"]
[Site "Chess.com"]
[Date "2023.10.17"]
[Round "1"]
[White "Byniolus"]
[Black "Real_taiatai"]
[Result "1/2-1/2"]
[WhiteElo "2782"]
[BlackElo "2432"]
[TimeControl "180+1"]
[EndTime "14:07:13 PDT"]
[Termination "Game drawn by repetition"]

1. d4 Nf6 2. Nf3 d5 3. Bf4 e6 4. e3 Bd6 5. Bg3 c5 6. c3 O-O 7. Nbd2 Qc7 8. Be2 Nbd7 9. c4 b6 10. Rc1 Bb7 11. dxc5 Nxc5 12. b4 Nce4 13. cxd5 Qe7 14.
Bxd6 Qxd6 15. dxe6 Rad8 16. exf7+ Rxf7 17. Nxe4 Qxb4+ 18. Ned2 Ne4 19. Qb3 Qa5 20. O-O Nxd2 21. Nxd2 Rxd2 22. Bc4 Bd5 23. Bxd5 Qxd5 24. Qxd5 Rxd5 25.
Rfd1 Rc7 26. g4 Rxd1+ 27. Rxd1 Rc2 28. Rd8+ Kf7 29. Rd7+ Kf6 30. Rxa7 h6 31. Kg2 g6 32. h4 h5 33. g5+ Ke5 34. Kg3 Rc4 35. f3 Rc3 36. e4 Kd4 37. Rd7+ Ke3 38. Rd6 Rc1 39. Rxg6 Rg1+ 40. Kh2 Kf2 41. Rxb6 Rg2+ 42. Kh1 Rg1+ 43. Kh2 Rg2+ 44. Kh1 Rg1+ 45. Kh2 1/2-1/2

[Event "Late-Titled-Tuesday-Blitz-October-17-2023"]
[Site "Chess.com"]
[Date "2023.10.17"]
[Round "1"]
[White "becemix"]
[Black "BogdanDeac"]
[Result "0-1"]
[WhiteElo "2500"]
[BlackElo "2988"]
[TimeControl "180+1"]
[EndTime "14:07:17 PDT"]
[Termination "BogdanDeac won on time"]

1. d4 Nf6 2. Nc3 d5 3. Bf4 g6 4. Nf3 c6 5. e3 Nh5 6. Bd3 Nxf4 7. exf4 Bg4 8. O-O Bg7 9. Re1 Bxf3 10. Qxf3 Bxd4 11.
f5 O-O 12. Qg4 Bg7 13. fxg6 hxg6 14. Qb4 e6 15. Qxb7 Qb6 16. Qxa8 Nd7 17. Qxf8+ Kxf8 18. Rab1 Nc5 19. Ne2 a5 20. Nf4 e5 21. Nh3 e4 22.
Bf1 f5 23. c3 Ne6 24. g3 g5 25. Kg2 g4 26. Ng1 Ng5 27. h4 Nf3 28. Re2 Be5 29.
Rc2 f4 30. Nxf3 gxf3+ 31. Kh2 fxg3+ 32. fxg3 Qe3 0-1

[Event "Late-Titled-Tuesday-Blitz-October-17-2023"]
[Site "Chess.com"]
[Date "2023.10.17"]
[Round "1"]
[White "PushingpawnsNYC"]
[Black "PositionalPanther"]
[Result "1-0"]
[WhiteElo "2329"]
[BlackElo "2599"]
[TimeControl "180+1"]
[EndTime "14:07:17 PDT"]
[Termination "PushingpawnsNYC won by resignation"]

1. e4 e6 2. d4 d5 3. Bd3 dxe4 4. Bxe4 Nf6 5. Bf3 c5 6. Ne2 Be7 7. O-O O-O 8. Be3 cxd4 9. Qxd4 Qxd4 10. Nxd4 e5 11.
Nb5 Nc6 12. N1c3 Bf5 13. Nc7 Rac8 14. N7d5 Nxd5 15. Nxd5 Bd8 16. c3 e4 17. Be2 a6 18.
Rfd1 Ne5 19. Bd4 Nc4 20. b3 Na3 21. Ne3 Be6 22. g4 Bg5 23. Rac1 Rfd8 24. Kg2 h6 25.
Kg3 Bxe3 26. fxe3 Nb5 27. h4 Nxd4 28. cxd4 Bd5 29. Kf4 b5 30. g5 hxg5+ 31. hxg5 f6 32. g6 Kf8 33. Bg4 Rxc1 34. Rxc1 Ke7 35. Rc7+ Kd6 36. Rxg7 a5 37. Ra7 a4 38. bxa4 b4 39.
Ra6+ Ke7 40. Rb6 Rg8 41. Bf5 Bxa2 42. Rb7+ Kd6 43. Rxb4 Ra8 44. Rb6+ Kc7 45. Rxf6 Rxa4 46. g7 Ra8 47. Rf8 Rb8 48. Bxe4 Rd8 49. d5 1-0

[Event "Late-Titled-Tuesday-Blitz-October-17-2023"]
[Site "Chess.com"]
[Date "2023.10.17"]
[Round "1"]
[White "Nf3c5"]
[Black "LuisFSiles"]
[Result "1-0"]
[WhiteElo "2607"]
[BlackElo "2304"]
[TimeControl "180+1"]
[EndTime "14:07:17 PDT"]
[Termination "Nf3c5 won by resignation"]

1. e4 c5 2. Nf3 Nc6 3. b4 cxb4 4.
d4 d5 5. exd5 Qxd5 6. c4 bxc3 7.
Nxc3 Qa5 8. d5 e6 9. dxc6 Bb4 10. Bd2 Bxc3 11. Qc2 Bxd2+ 12. Qxd2 Qxd2+ 13. Nxd2 bxc6 14. Rc1 Ne7 15. Be2 O-O 16. O-O Rd8 17. Ne4 e5 18. Nc5 Bf5 19. Bf3 Rd4 20. Rfe1 f6 21. h3 Rad8 22. Re3 Nd5 23. Ra3 e4 24. Be2 Nf4 25. Bc4+ Kh8 26. Rxa7 Rd2 27. Re7 Nd5 28.
Bxd5 cxd5 29. a4 d4 30. a5 d3 31. Nb7 Rc2 32. Rd1 Rdc8 33. a6 Ra2 34. Nd6 Ra8 35. Nxf5 R2xa6 36. Rxe4 Ra1 37. Ree1 Rxd1 38. Rxd1 g6 39.
Nd6 Ra3 40. Ne4 f5 41. Nc5 1-0

[Event "Late-Titled-Tuesday-Blitz-October-17-2023"]
[Site "Chess.com"]
[Date "2023.10.17"]
[Round "1"]
[White "Freeeeeeeeeeeeeeeeee"]
[Black "dosto07"]
[Result "0-1"]
[WhiteElo "1978"]
[BlackElo "2523"]
[TimeControl "180+1"]
[EndTime "14:07:18 PDT"]
[Termination "dosto07 won by resignation"]

1. d4 d5 2. Nf3 Nf6 3. Bf4 c5 4. e3 Nc6 5. c3 Qb6 6. Qb3 c4 7.
Qc2 Bf5 8. Qc1 e6 9. Nbd2 h6 10. h3 Qd8 11. Be2 Be7 12. O-O O-O 13. Ne5 Nxe5 14.
Bxe5 b5 15. a3 a5 16. Bd1 Nd7 17. Bh2 b4 18. axb4 axb4 19. Rxa8 Qxa8 20. Bc2 Bxc2 21. Qxc2 b3 22. Qb1 Nf6 23. Re1 Ne4 24. Nf1 Bh4 25. g3 Be7 26. f3 Nf6 27. Nd2 Qa7 28. e4 e5 29. Kh1 exd4 30. Bg1 Bc5 31. cxd4 Bxd4 32. exd5 Bxg1 33. Rxg1 Qd4 34. Ne4 Qxd5 35. Nxf6+ gxf6 36. Qd1 Qe6 37. Rg2 Re8 38. Qd2 Kg7 39. Kh2 Qe5 40. f4 Qe4 41. Qc3 Qd3 42. Qxd3 cxd3 43. Rd2 Re2+ 0-1

[Event "Late-Titled-Tuesday-Blitz-October-17-2023"]
[Site "Chess.com"]
[Date "2023.10.17"]
[Round "1"]
[White "Payyappat"]
[Black "vladislavkovalev"]
[Result "0-1"]
[WhiteElo "2463"]
[BlackElo "2865"]
[TimeControl "180+1"]
[EndTime "14:07:19 PDT"]
[Termination "vladislavkovalev won by checkmate"]

1. e4 e5 2. Nf3 Nc6 3. Bc4 Nf6 4. d4 exd4 5. e5 d5 6. Bb5 Nd7 7. O-O Be7 8. Bxc6 bxc6 9. Nxd4 Nb8 10. f4 c5 11. Nb3 Bf5 12. Nc3 c6 13. g4 Bc8 14. f5 h5 15. f6 gxf6 16. exf6 Bxf6 17. Qf3 c4 18. Bg5 Qb6+ 19. Be3 hxg4 20. Qf2 Qc7 21. Bf4 Qe7 22. Rae1 Be6 23. Nc5 Nd7 24. Nb7 Qb4 25. Nd6+ Kd8 26. Re5 Nxe5 27. Bxe5 Bxe5 28. Nxf7+ Bxf7 29.
Qxf7 Qc5+ 30. Rf2 Bd4 31. Kf1 Bxf2 32. Qf6+ Kc7 33. Qf7+ Kc8 34. Qe6+ Kb7 35. Qd7+ Ka6 36. Qc7 Bg1 37. b4 Qf2# 0-1

[Event "Late-Titled-Tuesday-Blitz-October-17-2023"]
[Site "Chess.com"]
[Date "2023.10.17"]
[Round "1"]
[White "expii"]
[Black "WPWPWP-2015"]
[Result "0-1"]
[WhiteElo "2239"]
[BlackElo "2567"]
[TimeControl "180+1"]
[EndTime "14:07:20 PDT"]
[Termination "WPWPWP-2015 won by resignation"]

1. e4 c5 2. Nf3 d6 3. d4 cxd4 4. Nxd4 Nf6 5. Nc3 a6 6. g3 h5 7. h3 Nc6 8. Bg2 e6 9. Nxc6 bxc6 10. e5 Nd5 11. exd6 Bxd6 12. O-O g6 13. Ne4 Be7 14. c4 Nb4 15. a3 Qxd1 16. Rxd1 Nc2 17. Rb1 e5 18. Nc3 Bd7 19. Ne2 Bf6 20. Be3 Nxe3 21.
fxe3 Ke7 22. Nc3 Bg5 23. Kf2 f5 24. Rd2 Rac8 25. Rbd1 Rc7 26. Rd6 Bf6 27. R6d2 e4 28. Ne2 Be6 29. b3 h4 30. g4 Rf8 31. Nf4 Bf7 32.
gxf5 gxf5 33. Rc2 Be5 34. b4 Rd8 35. Rxd8 Kxd8 36. Rd2+ Ke7 37. Rc2 Rd7 38. Bf1 Ra7 39. c5 Be8 40. Bc4 a5 41. Rc1 axb4 42. axb4 Ra4 43. Rg1 Rxb4 44. Be6 Rb2+ 45. Ke1 Bxf4 46. Bxf5 Bxe3 0-1

[Event "Late-Titled-Tuesday-Blitz-October-17-2023"]
[Site "Chess.com"]
[Date "2023.10.17"]
[Round "1"]
[White "mind1mover"]
[Black "Mikhal867"]
[Result "1-0"]
[WhiteElo "2850"]
[BlackElo "2455"]
[TimeControl "180+1"]
[EndTime "14:07:21 PDT"]
[Termination "mind1mover won by checkmate"]

1. Nf3 c5 2. b3 Nc6 3. Bb2 d6 4. e3 e5 5. d4 cxd4 6. exd4 e4 7.
Nfd2 f5 8. c4 Nf6 9. Nc3 Be7 10.
d5 Ne5 11. Be2 O-O 12. O-O Nfg4 13. h3 Nh6 14. f4 Nd7 15. Qc2 g5 16. Nb5 gxf4 17.
Rxf4 Bg5 18. Qc3 Ne5 19. Qg3 Ng6 20. Raf1 Bxf4 21. Rxf4 a6 22. Nd4 Rf7 23. h4 Kf8 24.
Ne6+ Bxe6 25. dxe6 Nxf4 26. Qxf4 Rf6 27. Nxe4 Rxe6 28. Bf3 Nf7 29. Qxf5 Qe7 30. Qxh7 Rxe4 31. Bxe4 Nd8 32. Qh8+ Kf7 33. Bd5+ Kg6 34. Qg8+ Kf5 35.
Qg3 Ne6 36. Qf3+ Kg6 37. Qg4+ Kf7 38. Qf5+ Ke8 39. Bxe6 Qxh4 40. Qf7+ Kd8 41. Qd7# 1-0

[Event "Late-Titled-Tuesday-Blitz-October-17-2023"]
[Site "Chess.com"]
[Date "2023.10.17"]
[Round "1"]
[White "Mindhunter08"]
[Black "Jarming"]
[Result "1-0"]
[WhiteElo "2460"]
[BlackElo "2800"]
[TimeControl "180+1"]
[EndTime "14:07:21 PDT"]
[Termination "Mindhunter08 won by checkmate"]

1. e4 c6 2. Nf3 d5 3. Nc3 Bg4 4. h3 Bxf3 5. Qxf3 e6 6. d3 Nd7 7. Bd2 Ngf6 8. g4 h6 9. O-O-O b5 10. Re1 b4 11. Nd1 Bd6 12. h4 Ne5 13. Qg2 Ng6 14.
h5 Nf4 15. Qf3 dxe4 16. dxe4 g5 17. e5 Bxe5 18. Rxe5 N4d5 19. Bc4 a5 20. Rhe1 Qd6 21. Qg3 Rd8 22. R1e2 Nf4 23. Qf3 Nxe2+ 24. Qxe2 Nxg4 25. Re4 Nf6 26. Re3 Nd5 27. Rd3 O-O 28. Ne3 Nf4 29. Qg4 Nxd3+ 30. Bxd3 f5 31. Qc4 Kg7 32. Kb1 Rf6 33.
Bc1 Qf4 34. Qxc6 Qxf2 35. Qc7+ Rf7 36. Qxd8 g4 37. Qd4+ Kg8 38. Qd8+ Rf8 39. Qe7 g3 40. Qxe6+ Kh8 41. Qxh6+ Kg8 42. Bc4+ Rf7 43. Qg6+ Kh8 44. Bxf7 Qf4 45. Qg8# 1-0

[Event "Late-Titled-Tuesday-Blitz-October-17-2023"]
[Site "Chess.com"]
[Date "2023.10.17"]
[Round "1"]
[White "gmcorrales"]
[Black "Cirky"]
[Result "1-0"]
[WhiteElo "2861"]
[BlackElo "2461"]
[TimeControl "180+1"]
[EndTime "14:07:22 PDT"]
[Termination "gmcorrales won on time"]

1. e4 e5 2. Nf3 Nc6 3. Bb5 Nf6 4. Nc3 Bc5 5. O-O O-O 6. Bxc6 dxc6 7. d3 Nd7 8. Be3 Re8 9. h3 f6 10. Ne2 Bf8 11. Nh2 Nc5 12. f4 Ne6 13. f5 Nd4 14.
Nxd4 exd4 15. Bd2 c5 16. b3 b5 17. a4 c6 18. Nf3 c4 19. Bf4 a5 20. Qd2 Bb4 21. Qf2 Ba6 22. Rad1 Bc5 23. Kh2 bxa4 24.
bxa4 c3 25. e5 fxe5 26. Nxe5 Qd5 27. Qg3 Kh8 28. Rde1 Rf8 29. Ng6+ hxg6 30. Qh4+ Kg8 31. fxg6 Rf6 32. Qh7+ Kf8 33. Bh6 Bd6+ 34. Kh1 Rxf1+ 35. Rxf1+ Ke8 36. Qxg7 Kd8 37. Rf7 Qe5 38. Bg5+ Kc8 39. Qg8+ 1-0

[Event "Late-Titled-Tuesday-Blitz-October-17-2023"]
[Site "Chess.com"]
[Date "2023.10.17"]
[Round "1"]
[White "victormago"]
[Black "maciek_92"]
[Result "0-1"]
[WhiteElo "2458"]
[BlackElo "2844"]
[TimeControl "180+1"]
[EndTime "14:07:26 PDT"]
[Termination "maciek_92 won on time"]

1. d4 Nf6 2. c4 d6 3. Nf3 Nbd7 4.
g3 e5 5. Bg2 g6 6. O-O Bg7 7.
Nc3 O-O 8. dxe5 dxe5 9. Qc2 c6 10. Rd1 Qc7 11. h3 Re8 12. Be3 Bf8 13. Rac1 Nc5 14.
b4 Bf5 15. Qb2 Nce4 16. Nxe4 Bxe4 17. a3 a6 18. Rd2 c5 19. Bg5 Nh5 20. Be3 Ng7 21.
g4 Rac8 22. b5 axb5 23. Qxb5 Bc6 24. Qb2 e4 25. Nh2 Ne6 26. Nf1 Bg7 27. Qb1 Nd4 28. Ng3 Qe7 29. Rcd1 Ra8 30. Bxd4 cxd4 31. Rxd4 Bxd4 32.
Rxd4 e3 33. Bxc6 bxc6 34. Re4 exf2+ 35. Kxf2 Qc5+ 36. Kg2 Qxa3 37. Rxe8+ Rxe8 38. Ne4 Qe7 39. Kf3 f5 40. gxf5 gxf5 41. Ng3 Qe3+ 42. Kg2 f4 0-1

[Event "Late-Titled-Tuesday-Blitz-October-17-2023"]
[Site "Chess.com"]
[Date "2023.10.17"]
[Round "1"]
[White "dmarcolino"]
[Black "GlavkonVVS"]
[Result "0-1"]
[WhiteElo "2098"]
[BlackElo "2529"]
[TimeControl "180+1"]
[EndTime "14:07:26 PDT"]
[Termination "GlavkonVVS won by checkmate"]

1. d4 Nf6 2. c4 e6 3. Nf3 c5 4. d5 exd5 5. cxd5 d6 6. Nc3 g6 7. e4 Bg7 8. h3 O-O 9. Bd3 b5 10. Nxb5 Nxe4 11. Bxe4 Re8 12. O-O Rxe4 13. Nc3 Re8 14. Bf4 Na6 15. Qd2 Rb8 16. Rae1 Rxe1 17. Rxe1 h6 18. b3 g5 19. Bg3 Bf5 20. Nd1 Nc7 21.
Ne3 Be4 22. Nc4 Bxd5 23. Bxd6 Bxf3 24. gxf3 Bd4 25. Be5 Qd7 26. Bxd4 cxd4 27. Kg2 Rd8 28. Ne5 Qd5 29. Ng4 Kg7 30. Qd3 Ne6 31. Kg3 Nf4 32. Qe4 d3 33. Qxd5 Rxd5 34. Rd1 Ne2+ 35. Kg2 Nc3 36. Rd2 Kg6 37. Ne3 Rd4 38. Nd1 Nd5 39. f4 Nxf4+ 40. Kf3 f5 41. h4 g4+ 42. Ke3 Re4# 0-1